 Dungeon Crawl Stone Soup version 0.30.1-3-gfc49f6343a (webtiles) character file.

Game seed: 12205814315750141061

1527 Peloso the Slasher (level 8, -7/71 HPs)
             Began as a Minotaur Fighter on July 30, 2023.
             Was an Initiate of Okawaru.
             Killed by nerve-wracking pain
             ... invoked by an orc priest
              (9 damage)
             ... on level 6 of the Dungeon.
             The game lasted 00:10:24 (6309 turns).

Peloso the Slasher (Minotaur Fighter)               Turns: 6309, Time: 00:10:25

Health: -7/71      AC: 23    Str: 20    XL:     8   Next: 55%
Magic:  5/7        EV:  9    Int:  5    God:    Okawaru [......]
Gold:   253        SH:  7    Dex: 13    Spells: 7/7 levels left

rFire   . . .        a - +0 long sword
rCold   . . .        d - +0 buckler
rNeg    . . .        z - +0 plate armour
rPois   +            (helmet restricted)
rElec   .            B - +1 cloak {rPois}
rCorr   .            (no gloves)
SInv    .            c - +0 pair of boots
Will    .....        (no amulet) Stlth
                     g - +4 ring of protection
HPRegen 0.31/turn    (no ring)
MPRegen 0.10/turn

%: no passive effects
@: heroic
A: horns 2, retaliatory headbutt
a: Renounce Religion


You were on level 6 of the Dungeon.
You worshipped Okawaru.
Okawaru was noncommittal.
You visited 1 branch of the dungeon, and saw 7 of its levels.

You collected 253 gold pieces.

Inventory:

Hand Weapons
 a - a +0 long sword (weapon)
Missiles
 u - 2 throwing nets (quivered)
Armour
 b - a +0 scale mail
 c - a +0 pair of boots (worn)
 d - a +0 buckler (worn)
 z - a +0 plate armour (worn)
 B - a +1 cloak of poison resistance (worn)
Jewellery
 g - a +4 ring of protection (left hand)
 i - an amulet of magic regeneration
Wands
 A - a wand of charming (4)
Scrolls
 h - a scroll of immolation {unknown}
 j - 3 scrolls of enchant armour {unknown}
 k - 5 scrolls of fog {unknown}
 l - 2 scrolls of vulnerability {unknown}
 m - 7 scrolls of identify {unknown}
 p - a scroll of acquirement {unknown}
 q - 4 scrolls of amnesia {unknown}
 r - 3 scrolls of teleportation
 t - a scroll of silence
 w - 2 scrolls of poison {unknown}
 y - a scroll of magic mapping {unknown}
 D - a scroll of blinking {unknown}
Potions
 e - 3 potions of degeneration {unknown}
 f - 2 potions of might
 n - a potion of flight {unknown}
 o - 3 potions of mutation {unknown}
 s - 2 potions of ambrosia {unknown}
 v - a potion of invisibility {unknown}
 x - 3 potions of heal wounds {unknown}


   Skills:
 + Level 6.5(11.5) Fighting
 + Level 7.9(12.9) Long Blades
 + Level 7.1(12.1) Armour
 + Level 3.3(8.3) Dodging
 + Level 0.6(5.6) Stealth
 + Level 6.0(11.0) Shields


You had 7 spell levels left.
You didn't know any spells.
Your spell library contained the following spells:

 Spells                   Type           Power      Damage    Failure   Level
 Apportation              Tloc           0%         N/A       100%        1
 Foxfire                  Conj/Fire      0%         2x1d4     100%        1
 Necrotise                Necr           0%         1d4       100%        1
 Sublimation of Blood     Necr           0%         N/A       100%        2
 Petrify                  Tmut/Erth      0%         N/A       100%        4
 Fireball                 Conj/Fire      0%         3d3       100%        5
 Irradiate                Conj/Tmut      0%         3d11      100%        5
 Plasma Beam              Fire/Air       0%         2x1d11    100%        6
 Starburst                Conj/Fire      0%         6d3       100%        6
 Summon Small Mammal      Summ           Unusable   N/A       N/A         1

Dungeon Overview and Level Annotations

Branches:
Dungeon (7/15)
 Temple: D:4-7

Altars:
Cheibriados
Gozag
Hepliaklqana
Okawaru
Trog
Uskayaw
The Shining One

Shops:
D:5 =   D:6 =

Annotations:
D:4 3 runed translucent doors, Peloso's ghost, amateur MiFi


Innate Abilities, Weirdness & Mutations

You have a pair of horns on your head.
You reflexively headbutt those who attack you in melee.


Message History

The orc priest invokes the aid of Beogh against you.
Beogh smites you!
* * * LOW HITPOINT WARNING * * *
The orc hits you but does no damage.
You hit the orc. Your headbutt misses the orc.
The orc is severely wounded.
The orc hits you but does no damage.
You feel better. You block the orc's attack.
You gain the combat prowess of a mighty hero.
You can no longer gain great but temporary skills.
The orc closely misses you.
You barely miss the orc. You headbutt the orc, but do no damage.
The orc is severely wounded.
The orc closely misses you. You furiously retaliate!
You headbutt the orc.
You kill the orc!
Okawaru accepts your kill.
You closely miss the orc. The orc hits you but does no damage.
You barely miss the orc. You barely miss the orc. The orc closely misses you.
You hit the orc.
The orc is severely wounded.
You block the orc's attack.
You slash the orc!
You kill the orc!
Okawaru accepts your kill.
You barely miss the orc priest.
The orc priest hits you with a +0 falchion.
* * * LOW HITPOINT WARNING * * *
You hit the orc priest but do no damage.
You hit the orc priest but do no damage.
You block the orc priest's attack.
You hit the orc priest but do no damage.
The orc priest calls down the wrath of Beogh upon you.
Beogh smites you!
* * * LOW HITPOINT WARNING * * *
You barely miss the orc priest. You headbutt the orc priest.
The orc priest is lightly wounded.
The orc priest mumbles some strange prayers to Beogh against you.
Pain shoots through your body!
You die...

#)#.###.##
#.#
..#.)#..#
#.#
.###...##.
#.# .#
#...# ..
#.# ##
##.## ...
#.# # ###
.... ##.#
..... #..#
......##.##
......o@.#
......####
#####


You could see an orc priest.

Vanquished Creatures
  An orc warrior (D:6)
  An ice beast (D:6)
  A black bear (D:6)
  An ogre (D:5)
  A centaur (D:6)
  A phantom (D:5)
  A kobold brigand (D:6)
  4 scorpions
  6 hounds
  2 jellies
  An orc priest (D:7)
  Crazy Yiuf (D:3)
  3 sleepcaps
  An iguana (D:5)
  An orc wizard (D:6)
  12 gnolls
  2 adders
  A shadow imp (D:5)
  A white imp (D:5)
  An ufetubus (D:5)
  2 worms (D:2)
  2 dart slugs (D:3)
  19 orcs
  5 ball pythons
  4 bats
  6 endoplasms
  4 giant cockroaches
  7 goblins
  6 hobgoblins
  4 jackals
  3 quokkas
  2 frilled lizards
  14 kobolds
  5 rats
126 creatures vanquished.

Notes
Turn   | Place    | Note
-------+----------+-------------------------------------------
     0 | D:1      | Peloso the Minotaur Fighter began the quest for the Orb.
     0 | D:1      | Reached XP level 1. HP: 19/19 MP: 0/0
   234 | D:1      | Reached XP level 2. HP: 25/27 MP: 1/1
   297 | D:1      | Found a faded altar of an unknown god.
   704 | D:2      | Reached XP level 3. HP: 33/33 MP: 2/2
  1374 | D:3      | Reached XP level 4. HP: 33/40 MP: 3/3
  1681 | D:3      | Noticed a scorpion
  1688 | D:3      | Killed a scorpion
  1689 | D:3      | Reached skill level 1 in Dodging
  1689 | D:3      | Reached XP level 5. HP: 29/46 MP: 4/4
  2489 | D:3      | Found a runed translucent door.
  2490 | D:3      | Noticed Crazy Yiuf
  2618 | D:4      | Reached skill level 5 in Long Blades
  2618 | D:4      | Reached skill level 5 in Armour
  2618 | D:4      | Reached XP level 6. HP: 53/53 MP: 5/5
  2647 | D:4      | Found a runed translucent gate.
  2648 | D:4      | Found a runed translucent gate.
  2649 | D:4      | Found a runed translucent gate.
  2658 | D:4      | Noticed Peloso's ghost (amateur MiFi)
  2946 | D:4      | You fall into a shaft and drop 3 floors!
  2986 | D:6      | Reached skill level 5 in Fighting
  3023 | D:5      | Entered Level 5 of the Dungeon
  3100 | D:5      | Reached XP level 7. HP: 31/61 MP: 6/6
  3267 | D:5      | Reached skill level 5 in Shields
  3665 | D:5      | Found Raseunym's Jewellery Emporium.
  4870 | D:4      | Found an opulent altar of Gozag.
  4871 | D:4      | Found a snail-covered altar of Cheibriados.
  4876 | D:4      | Found an iron altar of Okawaru.
  4876 | D:4      | Found a hide-covered altar of Uskayaw.
  4876 | D:4      | Found a glowing golden altar of the Shining One.
  4877 | D:4      | Found a hazy altar of Hepliaklqana.
  4883 | D:4      | Became a worshipper of Warmaster Okawaru
  4889 | D:4      | Found a bloodstained altar of Trog.
  5260 | D:3      | Killed Crazy Yiuf
  5556 | D:6      | Found Wiloi's Jewellery Shop.
  5624 | D:6      | Reached XP level 8. HP: 45/70 MP: 7/7
  6280 | D:6      | Reached * piety under Okawaru
  6308 | D:6      | HP: 2/71 [orc priest/divine providence (14)]
  6309 | D:6      | Killed from afar by an orc priest

Illustrated notes

Levels and vault maps discovered:
D:1:      dpeg_arrival_more_subterranean_lakeside_camping, layout_basic,
          shapermc_ecumenical_altar_mp_ritualfount
D:2:      layout_basic
D:3:      layout_basic, minmay_misc_feat_four_crosses, uniq_crazy_yiuf_cottage
D:4:      layout_loops_corners, minitemple, gammafunk_ghost_split,
          minmay_goblin_kobold_house
D:5:      layout_layer_cave, amcnicky_mini_rare_corridor_liquid, minivault_27,
          minmay_shop_enchanted_jewellery, minmay_strange_pillars
D:6:      layout_basic, minmay_temple_entry_poolview, serial_curves,
          eino_curves_03, eino_curves_03, serial_shops,
          nicolae_shop_window_shopping
D:7:      layout_loops_cross, serial_shops, nicolae_take_the_stairs,
          kennysheep_pointless_box

Skill      XL: |  1  2  3  4  5  6  7  8 |
---------------+-------------------------+-----
Armour         | 4 5 6 7 |  7.1
Long Blades    | 3 4 5 7 |  7.9
Shields        | 4 5 6 |  6.0
Fighting       | 4 5 6 |  6.5
Dodging        | 1 2 3 |  3.3
Stealth        | |  0.6

Action                     |  1- 3 |  4- 6 |  7- 9 || total
---------------------------+-------+-------+-------++-------
  Melee: Long sword        |    95 |   123 |   203 ||   421
         Headbutt          |    15 |    28 |    31 ||    74
 Invoke: Heroism           |       |       |     1 ||     1
    Use: Scroll            |     2 |       |       ||     2
         Potion            |     1 |       |     3 ||     4
 Armour: Scale mail        |    59 |    68 |    23 ||   150
         Plate armour      |       |       |    89 ||    89
  Dodge: Dodged            |    44 |    49 |    55 ||   148
  Block: Buckler           |    19 |    36 |    53 ||   108
